 Dungeon Crawl Stone Soup version 0.28-a0-2-g643f2454ad (webtiles) character file.

Game seed: 7381548206868346691

18070 bande the Cleaver (level 12, 0/75 HPs)
             Began as a Gargoyle Fighter on July 23, 2021.
             Was the Champion of Okawaru.
             Slain by a 14-headed hydra (2 damage)
             ... on level 1 of the Lair of Beasts.
             The game lasted 00:28:49 (15759 turns).

bande the Cleaver (Gargoyle Fighter)               Turns: 15759, Time: 00:28:49

Health: 0/75       AC: 28    Str: 31    XL:     12   Next: 54%
Magic:  16/16      EV: 10    Int: 13    God:    Okawaru [******]
Gold:   790        SH: 15    Dex:  9    Spells: 11/11 levels left

rFire   . . .      SeeInvis .   I - +1 broad axe of the Endless Expanse {spect, Str+4 Int+5 Dex-3}
rCold   . . .      Faith    .   c - +0 kite shield
rNeg    + . .      Spirit   .   m - +0 plate armour
rPois   ∞          Reflect  +   j - +1 helmet
rElec   +          Harm     .   G - +0 cloak
rCorr   .          Rampage  .   e - +0 pair of gloves
Will    +....                   (no boots)
Stlth   ..........              h - amulet of reflection
HPRegen 0.22/turn               f - ring of willpower
MPRegen 0.15/turn               s - +4 ring of evasion

@: about to teleport
A: sickness immunity, AC +8, negative energy resistance 1, electricity
resistance, torment resistance 1, petrification resistance, agile 1, low mp 1,
strong 1, wild magic 1, evolution 1, noise suppression
a: Renounce Religion, Heroism, Finesse


You were on level 1 of the Lair of Beasts.
You worshipped Okawaru.
Okawaru was exalted by your worship.
You visited 3 branches of the dungeon, and saw 13 of its levels.

You collected 790 gold pieces.

Inventory:

Hand Weapons
 a - a +1 war axe of electrocution
 o - a +0 flail
 I - the +1 broad axe of the Endless Expanse (weapon) {spect, Str+4 Int+5 Dex-3}
   (Okawaru gifted it to you on level 1 of the Lair of Beasts)

   When its wielder attacks, the weapon's spirit leaps out and strikes again.
   The spirit shares a part of any damage it takes with its wielder.
   Str:       It affects your strength (+4).
   Int:       It affects your intelligence (+5).
   Dex:       It affects your dexterity (-3).
 J - a +2 vorpal war axe
Missiles
 i - 2 atropa-tipped darts (quivered)
 p - 2 boomerangs of dispersal
Armour
 c - a +0 kite shield (worn)
 e - a +0 pair of gloves (worn)
 j - a +1 helmet (worn)
 m - a +0 plate armour (worn)
 G - a +0 cloak (worn)
Jewellery
 f - a ring of willpower (left hand)
 h - an amulet of reflection (around neck)
 n - an amulet of faith
 q - a ring of flight
 s - a +4 ring of evasion (right hand)
 y - a ring of protection from cold
 E - a +6 ring of strength
 F - a ring of protection from cold
Wands
 d - a wand of polymorph (8)
 t - a wand of iceblast (11)
 x - a wand of flame (28)
 z - a wand of digging (4)
Scrolls
 b - a scroll of fear
 g - 6 scrolls of teleportation
 v - a scroll of enchant armour
 C - 2 scrolls of amnesia
 H - a scroll of identify
Potions
 k - 2 potions of curing
 l - 4 potions of cancellation
 r - 3 potions of resistance {unknown}
 u - a potion of magic
 w - a potion of invisibility
 A - 8 potions of ambrosia
 B - a potion of brilliance
 D - a potion of mutation


   Skills:
 + Level 8.4 Fighting
 + Level 11.6 Axes
 + Level 9.3 Armour
 + Level 2.2 Dodging
 - Level 4.5 Shields
 + Level 0.2 Unarmed Combat
 * Level 8.3 Invocations
 * Level 7.5 Evocations


You had 11 spell levels left.
You didn't know any spells.
Your spell library contained the following spells:

 Spells                   Type           Power      Damage    Failure   Level
 Apportation              Tloc           0%         N/A       100%        1
 Magic Dart               Conj           0%         1d3       100%        1
 Pain                     Necr           0%         1d4       100%        1
 Sting                    Tmut/Pois      0%         1d3       100%        1
 Call Imp                 Summ           0%         N/A       100%        2
 Poisonous Vapours        Pois/Air       0%         N/A       100%        2
 Wereblood                Tmut           0%         N/A       100%        2
 Conjure Flame            Conj/Fire      0%         6-21      100%        3
 Frozen Ramparts          Ice            0%         1d2       100%        3
 Ignite Poison            Fire/Tmut/Pois 0%         N/A       100%        3
 Inner Flame              Hex/Fire       0%         N/A       100%        3
 Mephitic Cloud           Conj/Pois/Air  0%         N/A       100%        3
 Cause Fear               Hex            0%         N/A       100%        4
 Ice Form                 Ice/Tmut       0%         N/A       100%        4
 Olgreb's Toxic Radiance  Pois           0%         N/A       100%        4
 Sticky Flame             Conj/Fire      0%         2d3       100%        4
 Summon Ice Beast         Ice/Summ       0%         N/A       100%        4
 Agony                    Necr           0%         N/A       100%        5
 Alistair's Intoxication  Tmut/Pois      0%         N/A       100%        5
 Bolt of Magma            Conj/Fire/Erth 0%         4d4       100%        5
 Excruciating Wounds      Necr           0%         N/A       100%        5
 Freezing Cloud           Conj/Ice/Air   0%         6-21      100%        5
 Invisibility             Hex            0%         N/A       100%        6
 Summon Hydra             Summ           0%         N/A       100%        7
 Discord                  Hex            0%         N/A       100%        8
 Sublimation of Blood     Necr           Unusable   N/A       N/A         2

Dungeon Overview and Level Annotations

Branches:
Dungeon (11/15)            Temple (1/1) D:4            Lair (1/6) D:11
    Orc (0/2) D:10

Altars:
Ashenzari
Cheibriados
Elyvilon
Gozag
Hepliaklqana
Kikubaaqudgha
Nemelex Xobeh
Okawaru
Qazlal
Ru
Sif Muna
Trog
Uskayaw
Vehumet
Wu Jian
Xom
Yredelemnul
Zin
The Shining One

Shops:
D:5 :   D:6 *   D:10 =


Innate Abilities, Weirdness & Mutations

You are immune to sickness and miasma.
Your stone body is resilient. (AC +8)
You are immune to poison.
You resist negative energy. (rN+)
You are resistant to electric shocks. (rElec)
You are resistant to unholy torment.
You are immune to petrification.
You are agile. (Dex +2)
Your magical capacity is low. (-10% MP)
Your muscles are strong. (Str +2)
Your spells are a little harder to cast, but a little more powerful.
You evolve.
You passively dampen the noise of your surroundings.


Message History

You slice one of the ten-headed hydra's heads off!
The nine-headed hydra grows two more!
You slice the 11-headed hydra!! You slash the komodo dragon!
Your spectral +1 broad axe of the Endless Expanse {spect, Str+4 Int+5 Dex-3} hits the 11-headed hydra!
Your spectral +1 broad axe of the Endless Expanse {spect, Str+4 Int+5 Dex-3} chops one of the 11-headed hydra's heads off!
The ten-headed hydra grows two more!
You block the komodo dragon's attack. You block the 12-headed hydra's attack.
The 12-headed hydra bites you but does no damage. x2
The 12-headed hydra barely misses you.
The 12-headed hydra bites you but does no damage.
The 12-headed hydra closely misses you. You block the 12-headed hydra's attack.
The 12-headed hydra closely misses you.
The 12-headed hydra bites you but does no damage. x4
You hit the blink frog.
The blink frog is almost dead.
You lop one of the 12-headed hydra's heads off!
The 11-headed hydra grows two more!
You slash the 13-headed hydra! You hit the komodo dragon.
Your spectral +1 broad axe of the Endless Expanse {spect, Str+4 Int+5 Dex-3} hits the 13-headed hydra.
Your spectral +1 broad axe of the Endless Expanse {spect, Str+4 Int+5 Dex-3} hacks one of the 13-headed hydra's heads off!
The 12-headed hydra grows two more!
You block the blink frog's attack. You block the komodo dragon's attack.
The blink frog blinks!
The 14-headed hydra bites you but does no damage. x2
You block the 14-headed hydra's attack. The 14-headed hydra misses you.
The 14-headed hydra bites you. The 14-headed hydra misses you.
The 14-headed hydra bites you but does no damage.
The 14-headed hydra barely misses you. You block the 14-headed hydra's attack.
The 14-headed hydra bites you but does no damage.
The 14-headed hydra barely misses you. The 14-headed hydra bites you!
* * * LOW HITPOINT WARNING * * *
The 14-headed hydra closely misses you.
The 14-headed hydra bites you but does no damage.
You block the blink frog's attack.
The blink frog hits you but does no damage.
As you read the scroll of teleportation, it crumbles to dust.
You feel strangely unstable. The komodo dragon bites you!
* * * LOW HITPOINT WARNING * * *
The 14-headed hydra bites you but does no damage.
The 14-headed hydra bites you.
You die...

###..##.# .###. ..#
#.......## .#.... ...
.........## ......## #.#
..........# ....#.### #..
##......# ........###.#
...#..§..# ###..##..##.#
^........##### ##.#...##..
...##.....##.# #.......#.P
. ##...†l@.#######.......#
#......DF...#...........#
#.....F...............P..
#........................
.......#...............#..
##........).....##.......#
......#########.....#.....
.....# #.#####...## ###
#...#


You could see a 14-headed hydra, a komodo dragon and 2 blink frogs.

Vanquished Creatures
  A two-headed ogre (D:11)
  4 skeletal warriors
  A cyclops (D:11)
  A manticore (D:11)
  3 ugly things (D:11)
  3 komodo dragons (D:11)
  A queen bee (D:10)
  3 trolls
  A blink frog (Lair:1)
  Sigmund (D:2)
  2 shadows (D:10)
  23 yaks
  3 wyverns
  2 steam dragons
  A basilisk (D:11)
  A vampire mosquito (D:7)
  4 wargs (D:10)
  3 water moccasins
  A hornet zombie (D:4)
  A sky beast (D:6)
  An ice beast (D:4)
  A necrophage (D:7)
  12 orc warriors
  10 centaurs
  A phantom (D:4)
  3 bullfrogs
  4 scorpions
  A wyvern zombie (D:8)
  2 wyvern skeletons (D:7)
  4 wights (D:9)
  30 killer bees
  2 howler monkeys
  6 electric eels (D:7)
  3 centaur zombies
  3 bullfrog zombies (D:6)
  A jelly (D:5)
  3 hounds
  2 bullfrog skeletons
  6 orc priests
  5 iguanas
  10 orc wizards
  A hound skeleton (D:4)
  3 howler monkey zombies
  Robin (D:1)
  2 adders
  4 gnolls
  An ufetubus (D:6)
  3 worms
  A dart slug (D:2)
  36 orcs
  12 endoplasms
  A giant cockroach (D:1)
  9 hobgoblins
  3 jackals (D:5)
  3 kobolds
  2 quokkas
  4 ball pythons
  5 bats
  2 frilled lizards
  13 goblins
  2 rats (D:2)
  A spectral orc (D:7)
279 creatures vanquished.

Vanquished Creatures (others)
  A fungus (Lair:1)
  8 plants
9 creatures vanquished.

Grand Total: 288 creatures vanquished

Notes
Turn   | Place    | Note
-------+----------+-------------------------------------------
     0 | D:1      | bande the Gargoyle Fighter began the quest for the Orb.
     0 | D:1      | Reached XP level 1. HP: 14/14 MP: 1/1
   316 | D:1      | Reached XP level 2. HP: 19/19 MP: 2/2
   834 | D:2      | Noticed Robin
   973 | D:1      | Reached skill level 2 in Axes
  1082 | D:1      | Reached XP level 3. HP: 21/24 MP: 3/3
  1299 | D:1      | Killed Robin
  1681 | D:2      | Noticed Sigmund
  1690 | D:2      | Killed Sigmund
  1691 | D:2      | Reached skill level 3 in Axes
  1691 | D:2      | Reached skill level 1 in Dodging
  1691 | D:2      | Reached XP level 4. HP: 26/29 MP: 4/4
  1691 | D:2      | Reached XP level 5. HP: 30/33 MP: 5/5
  1955 | D:1      | Reached XP level 6. HP: 25/38 MP: 6/6
  2555 | D:3      | Found a white marble altar of Elyvilon.
  2613 | D:3      | Found a faded altar of an unknown god.
  2835 | D:3      | Found a glowing silver altar of Zin.
  3164 | D:4      | Found a sacrificial altar of Ru.
  3197 | D:4      | Found a staircase to the Ecumenical Temple.
  3236 | D:4      | Reached skill level 4 in Axes
  3236 | D:4      | Reached skill level 1 in Evocations
  3242 | Temple   | Entered the Ecumenical Temple
  3485 | Temple   | Became a worshipper of Warmaster Okawaru
  3590 | D:4      | Found a glowing golden altar of the Shining One.
  3683 | D:4      | Reached XP level 7. HP: 44/44 MP: 7/7
  3918 | D:4      | Reached skill level 1 in Invocations
  3999 | D:4      | Found a stormy altar of Qazlal.
  4778 | D:5      | Entered Level 5 of the Dungeon
  4922 | D:5      | Reached skill level 5 in Axes
  4957 | D:5      | Gained mutation: Your magical capacity is low. (-10% MP)
                  | [potion of mutation]
  4957 | D:5      | Gained mutation: Your muscles are strong. (Str +2) [potion
                  | of mutation]
  4957 | D:5      | Gained mutation: You evolve. [potion of mutation]
  4983 | D:5      | Reached * piety under Okawaru
  4984 | D:5      | Reached XP level 8. HP: 38/48 MP: 8/8
  5088 | D:5      | Found Ixebbab's Self-Improvement Boutique.
  5188 | D:5      | Gained mutation: You are agile. (Dex +2) [evolution]
  5469 | D:6      | Reached skill level 5 in Armour
  5517 | D:6      | Reached skill level 5 in Fighting
  5979 | D:6      | Reached skill level 6 in Axes
  6146 | D:6      | Noticed a troll
  6153 | D:6      | Killed a troll
  6153 | D:6      | Reached ** piety under Okawaru
  6154 | D:6      | Reached XP level 9. HP: 50/54 MP: 10/10
  6178 | D:6      | Found Alocs's Assorted Antiques.
  6438 | D:6      | Identified the +2 dagger of Spite {holy, rN++}
  6476 | D:7      | Found a shimmering blue altar of Sif Muna.
  6736 | D:7      | Reached skill level 7 in Axes
  6832 | D:7      | Reached *** piety under Okawaru
  7345 | D:7      | Found a basalt altar of Yredelemnul.
  7834 | D:7      | Gained mutation: Your spells are a little harder to cast,
                  | but a little more powerful. [evolution]
  8653 | D:8      | Reached skill level 5 in Invocations
  8782 | D:8      | Reached skill level 8 in Axes
  8782 | D:8      | Reached XP level 10. HP: 44/60 MP: 12/12
  9038 | D:8      | Reached **** piety under Okawaru
  9531 | D:9      | Identified the +1 chain mail of Neogetor {rPois}
  9725 | D:9      | Found an ancient bone altar of Kikubaaqudgha.
  9725 | D:9      | Found a hide-covered altar of Uskayaw.
  9779 | D:9      | Reached skill level 9 in Axes
  9779 | D:9      | Reached skill level 5 in Evocations
  9861 | D:9      | Found a shimmering altar of Xom.
 10154 | D:10     | Entered Level 10 of the Dungeon
 10183 | D:10     | Found a staircase to the Orcish Mines.
 10191 | D:10     | Reached ***** piety under Okawaru
 10733 | D:10     | Gained mutation: You passively dampen the noise of your
                  | surroundings. [evolution]
 11036 | D:10     | Reached XP level 11. HP: 37/67 MP: 14/14
 11045 | D:10     | Identified the +2 helmet "Giblud" {+Inv rC- rCorr Int-2}
                  | (Okawaru gifted it to you on level 10 of the Dungeon)
 11045 | D:10     | Received a gift from Okawaru
 11166 | D:10     | Reached skill level 10 in Axes
 11772 | D:10     | Found Feill's Jewellery Shoppe.
 12237 | D:11     | Noticed a skeletal warrior
 12239 | D:11     | Noticed a brown ugly thing
 12239 | D:11     | Noticed a skeletal warrior
 12242 | D:11     | Noticed a skeletal warrior
 12277 | D:10     | Killed a skeletal warrior
 12509 | D:10     | HP: 2/68 [skeletal warrior[a skeletal warrior] (16)]
 12543 | D:10     | Killed a skeletal warrior
 13035 | D:10     | Killed a skeletal warrior
 13271 | D:11     | Reached XP level 12. HP: 73/73 MP: 14/15
 13283 | D:11     | Found a staircase to the Lair.
 13287 | D:11     | Reached ****** piety under Okawaru
 13298 | D:11     | Reached skill level 11 in Axes
 14106 | D:11     | Found a broken altar of Ashenzari.
 14106 | D:11     | Noticed a two-headed ogre
 14116 | D:11     | Killed a two-headed ogre
 15518 | Lair:1   | Entered Level 1 of the Lair of Beasts
 15540 | Lair:1   | Identified the +1 broad axe of the Endless Expanse {spect,
                  | Str+4 Int+5 Dex-3} (Okawaru gifted it to you on level 1 of
                  | the Lair of Beasts)
 15540 | Lair:1   | Received a gift from Okawaru
 15698 | Lair:1   | Found a radiant altar of Vehumet.
 15745 | Lair:1   | Noticed an eight-headed hydra
 15759 | Lair:1   | HP: 2/75 [komodo dragon (15)]
 15759 | Lair:1   | Slain by a 14-headed hydra

Illustrated notes

Levels and vault maps discovered:
D:1:      lightli_iron_boxes, layout_loops_cross
D:2:      layout_rooms, minivault_24, uniq_sigmund, uniq_robin
D:3:      layout_rooms, overflow_temple_1_default, zin_academy,
          shapermc_ecumenical_altar_petra
D:4:      layout_cave_pods, overflow_temple_1_default, kennysheep_mini_moat,
          mainiacjoe_overflow_alcove_1, minmay_temple_entry_hall
D:5:      layout_rooms, serial_glass, glass_columns_c, glass_columns_a,
          due_unseen_surprise, minmay_strange_pillars, nicolae_shop_self_help
D:6:      layout_loops_ring, serial_shops, nicolae_shop_waterfront,
          hangedman_decor_peaks_small
D:7:      cheibrodos_two_vegetables, layout_basic,
          mainiacjoe_overflow_concentric_impassable,
          yredelemnul_forgotten_temple_becter
D:8:      layout_loops_cross
D:9:      layout_basic, nicolae_overflow_crystal_walls,
          grunt_temple_overflow_open, kennysheep_generic_room_11
D:10:     layout_roguey [special_room_bee], david_orc_2, serial_shops, shop,
          grunt_decor_clamped, nooodl_orcs_dogs
D:11:     layout_rooms, erik_lair_dragon, ashenzari_conservatory_becter
Temple:   nicolae_temple_x_marks_the_god
Lair:1:   layout_misc_corridors, ebering_ghost_rock_garden, basic_altar,
          beast_lair_carwin_3, lemuel_fruit_tree

Skill      XL: |  1  2  3  4  5  6  7  8  9 10 11 12 |
---------------+-------------------------------------+-----
Axes           | 2 3 4 5 6 8 9 10 11 | 11.6
Fighting       | 4 5 6 7 8 |  8.4
Armour         | 4 5 6 7 8 9 |  9.3
Dodging        | 1 2 |  2.2
Shields        | 4 |  4.5
Evocations     | 1 2 3 4 5 6 7 |  7.5
Invocations    | 2 3 5 6 7 8 |  8.3
Unarmed Combat | |  0.2

Action                   |  1- 3 |  4- 6 |  7- 9 | 10-12 || total
-------------------------+-------+-------+-------+-------++-------
Melee: War axe           |    77 |   124 |   336 |   588 ||  1125
       Unarmed           |     2 |       |       |       ||     2
       Broad axe         |       |       |       |    21 ||    21
Invok: Heroism           |       |       |       |     2 ||     2
Evoke: Wand              |       |       |     2 |       ||     2
  Use: Scroll            |     2 |     3 |    12 |     4 ||    21
       Potion            |     2 |     3 |     2 |     9 ||    16
Armor: Scale mail        |    39 |    37 |       |       ||    76
       Plate armour      |       |    49 |   231 |   343 ||   623
Dodge: Dodged            |    30 |    36 |    52 |   251 ||   369
Block: Kite shield       |    54 |    92 |   257 |   601 ||  1004
       Reflection        |       |       |     4 |    15 ||    19

Table legend: (Time is in decaauts)
 A = Elapsed time spent in this place.
 B = Non-inter-level travel time spent in this place.
 C = Inter-level travel time spent in this place.
 D = Time resting spent in this place.
 E = Time spent auto-exploring this place.
 F = Levels seen in this place.
 G = Mean time per level.
                   A        B        C        D        E       F      G
               +--------+--------+--------+--------+--------+-----+--------+
         Total |  16175 |  15925 |    250 |   5922 |   7017 |  13 | 1244.2 |
       Dungeon |  15677 |  15427 |    250 |   5598 |   6918 |  11 | 1425.2 |
        Temple |    250 |    250 |      0 |    236 |      0 |   1 |  250.0 |
          Lair |    247 |    247 |      0 |     88 |     99 |   1 |  247.0 |
               +--------+--------+--------+--------+--------+-----+--------+

Top non-repeatable levels by time:
    D:10: 2848 daAuts
    D:11: 2610 daAuts
     D:7: 2014 daAuts
     D:1: 1701 daAuts
     D:4: 1500 daAuts
     D:6: 1083 daAuts
     D:9: 958 daAuts
     D:2: 934 daAuts
     D:8: 798 daAuts
     D:3: 624 daAuts
     D:5: 603 daAuts
  Temple: 250 daAuts
  Lair:1: 247 daAuts
